 Dungeon Crawl Stone Soup version 0.25.0-10-g039870ee82 (webtiles) character file.

Game seed: 4711477706828980122

16016 mopl the Covert (level 12, -13/77 HPs)
             Began as an Octopode Enchanter on June 22, 2020.
             Was an Elder of Dithmenos.
             Shot with an arrow by a centaur (16 damage)
             ... on level 11 of the Dungeon.
             The game lasted 00:26:36 (12331 turns).

mopl the Covert (Octopode Enchanter)               Turns: 12331, Time: 00:26:37

Health: -13/77     AC:  1    Str: 13    XL:     12   Next: 33%
Magic:  15/22      EV: 16    Int: 20    God:    Dithmenos [****..]
Gold:   540        SH:  0    Dex: 15    Spells: 13/25 levels left

rFire    . . .     SeeInvis +   a - +2 dagger (venom)
rCold    . . .     Gourm    .   (no shield)
rNeg     . . .     Faith    .   (helmet restricted)
rPois    .         Spirit   .   l - amulet of regeneration
rElec    .         Reflect  .   d - +6 ring of strength
rCorr    .         Harm     .   v - ring of see invisible
MR       +....                  n - ring of protection from magic
Stlth    +++++++++.             (no ring)
HPRegen  0.62/turn              (no ring)
MPRegen  0.18/turn              (no ring)
                                (no ring)
                                (no ring)

@: wreathed by umbra
A: almost no armour, stealthy swim, amphibious, 8 rings, constrict 8, camouflage
1, gelatinous body 1
a: Shadow Step, Renounce Religion


You were on level 11 of the Dungeon.
You worshipped Dithmenos.
Dithmenos was greatly pleased with you.
You were not hungry.

You visited 2 branches of the dungeon, and saw 12 of its levels.

You collected 540 gold pieces.

Inventory:

Hand Weapons
 a - a +2 dagger of venom (weapon)
 b - a +0 dagger of holy wrath
 p - a +2 short sword of venom
 q - a +1 short sword of venom
 H - a +1 halberd of flaming
 L - a +0 falchion of flaming
Missiles
 u - 6 javelins (quivered)
 y - 2 throwing nets
 z - 16 boomerangs
 C - 5 poisoned darts
Jewellery
 d - a +6 ring of strength (left tentacle)
 l - an amulet of regeneration (around mantle)
 n - a ring of protection from magic (on tentacle)
 v - a ring of see invisible (right tentacle)
 K - an uncursed ring of ice
Wands
 j - a wand of clouds (4)
 r - a wand of iceblast (10)
 s - a wand of disintegration (2)
 t - a wand of acid (12)
 B - a wand of flame (12)
Scrolls
 f - 2 scrolls of teleportation
 o - 6 scrolls of amnesia
 w - a scroll of fear {unknown}
 x - 3 scrolls of remove curse
 A - a scroll of noise {unknown}
 E - a scroll of vulnerability {unknown}
Potions
 e - a potion of heal wounds
 g - a potion of invisibility
 h - 2 potions of haste
 i - a potion of curing
 k - 2 potions of flight
 m - 2 potions of brilliance
 D - 2 potions of berserk rage
 F - a potion of stabbing
 G - 2 potions of might
 I - a potion of lignification
Comestibles
 c - 25 rations
 J - 3 chunks of flesh


   Skills:
 + Level 5.2 Fighting
 - Level 1.0 Short Blades
 + Level 5.6 Dodging
 + Level 13.2 Stealth
 - Level 7.0 Spellcasting
 - Level 3.0 Conjurations
 * Level 11.0 Hexes
 - Level 4.0 Ice Magic
 + Level 6.5 Invocations
 - Level 5.0 Evocations


You had 13 spell levels left.
You knew the following spells:

 Your Spells              Type           Power        Failure   Level  Hunger
a - Corona                Hex            ######.      1%          1    None
b - Ensorcelled Hibernat  Hex/Ice        #####.       1%          2    None
c - Confusing Touch       Hex            ######..     1%          3    #......
d - Tukima's Dance        Hex            ######..     1%          3    #......
f - Dazzling Flash        Conj/Hex       #####.       1%          3    #......

Your spell library contained the following spells:

 Spells                   Type           Power        Failure   Level  Hunger
 Animate Skeleton         Necr           N/A          10%         1    None
 Pain                     Necr           #...         10%         1    None
 Vampiric Draining        Necr           #.........   28%         3    #......
 Animate Dead             Necr           N/A          67%         4    ###....
 Agony                    Necr           #.......     95%         5    #####..


Dungeon Overview and Level Annotations

Branches:
Dungeon (11/15)            Temple (1/1) D:7            Lair (0/6) D:10
    Orc (0/2) D:10

Altars:
Ashenzari
Dithmenos
Elyvilon
Fedhas
Gozag
Hepliaklqana
Makhleb
Nemelex Xobeh
Okawaru
Sif Muna
Vehumet
Wu Jian
Yredelemnul
Zin
The Shining One

Annotations:
D:4 1 runed translucent door, lepoulpe303's ghost, amateur TrMo
D:8 3 runed translucent doors, Flugkiller's ghost, novice DDFi
D:10 exclusion: hydra


Innate Abilities, Weirdness & Mutations

You cannot wear most types of armour.
You are very stealthy in the water. (Stealth+)
You are amphibious.
You can wear up to eight rings at the same time.
You can use your tentacles to constrict eight enemies at once.
Your skin changes colour to match your surroundings (Stealth+).
Your rubbery body absorbs attacks. (AC +1, EV +1)


Message History

The centaur unwields a +0 shortbow.
The centaur hits you!
* * * LOW HITPOINT WARNING * * *
You feel much better. The centaur barely misses you.
The centaur shoots an arrow.
The arrow closely misses you. The centaur hits you!
* * * LOW HITPOINT WARNING * * *
The centaur hits you.
* * * LOW HITPOINT WARNING * * *
Unknown command.
Casting: Dazzling Flash (safe; 1% risk of failure)
Confirm with . or Enter, or press ? or * to list all spells.
Aiming: Ensorcelled Hibernation (safe; 1% risk of failure)
Press: ? - help, Shift-Dir - straight line, f - centaur
Aim: a centaur, quivering 10 arrows (umbra, chance to defeat MR: 65%)
The centaur resists with significant effort.
Your shadow mimicks your spell!
The centaur looks drowsy...
The centaur shoots an arrow.
The arrow hits you!
* * * LOW HITPOINT WARNING * * *
The centaur misses you.
The centaur shoots an arrow.
The arrow hits you!
You die...

#.....................
#........$..((..#....#
#...........(...#....#
#######>....(...#....#
#.........#....#
##+###(..(#....#
#..((#....#
#(...(c.c.#
#...c@((.(#
#..(......#
##+###.......
######... .. .


You could see 3 centaurs.

Vanquished Creatures
  Harold (D:7)
  Fannar (D:10)
  Erolcha (D:9)
  A hydra (D:10)
  A two-headed ogre (D:9)
  An unseen horror (D:10)
  Pikel (D:8)
  A manticore (D:10)
  Maggie (D:9)
  Grinder (D:5)
  Prince Ribbit (D:5)
  2 dream sheep (D:10)
  Sigmund (D:6)
  A wraith (D:11)
  A wyvern (D:11)
  18 yaks (D:10)
  Grum (D:8)
  2 hungry ghosts (D:7)
  Menkaure (D:5)
  Duvessa (D:6)
  A porcupine (D:10)
  5 orc warriors
  2 sky beasts
  3 ice beasts
  A hornet zombie (D:7)
  3 phantoms
  2 slaves (D:8)
  A black bear (D:6)
  6 ogres
  A necrophage (D:7)
  3 centaurs
  4 wolves
  2 crocodiles (D:10)
  4 big kobolds (D:10)
  6 bullfrogs
  3 scorpions
  A wyvern skeleton (D:10)
  Dowan (D:6)
  16 killer bees
  A howler monkey (D:5)
  3 electric eels (D:10)
  3 crimson imps
  A quasit (D:6)
  A bullfrog zombie (D:5)
  6 hounds
  2 jellies
  3 orc priests (D:10)
  Crazy Yiuf (D:6)
  2 bullfrog skeletons
  9 orc wizards
  A centaur skeleton (D:3)
  2 iguanas (D:10)
  Ijyb (D:5)
  7 worker ants
  A hound skeleton (D:6)
  A howler monkey zombie (D:8)
  A worker ant zombie (D:5)
  9 adders
  6 gnolls
  A howler monkey skeleton (D:8)
  2 shadow imps (D:10)
  An adder zombie (D:6)
  An ooze (D:4)
  An adder skeleton (D:9)
  A worm (D:4)
  6 dart slugs
  4 leopard geckos
  29 orcs
  8 bats
  7 giant cockroaches
  4 hobgoblins
  4 jackals (D:1)
  9 kobolds
  6 quokkas
  3 ball pythons
  4 frilled lizards
  A giant cockroach zombie (D:6)
  8 goblins
  A leopard gecko zombie (D:6)
  2 quokka zombies (D:5)
  6 rats
274 creatures vanquished.

Vanquished Creatures (collateral kills)
  A two-headed ogre (D:8)
  2 orc warriors (D:10)
  An orc (D:8)
4 creatures vanquished.

Vanquished Creatures (others)
  2 dancing weapons
  2 slaves (D:8)
  A centaur (D:11)
  3 killer bees (D:7)
  3 orcs (D:10)
  7 fungi (D:10)
  5 plants (D:10)
23 creatures vanquished.

Grand Total: 301 creatures vanquished

Notes
Turn   | Place    | Note
-------+----------+-------------------------------------------
     0 | D:1      | mopl the Octopode Enchanter began the quest for the Orb.
     0 | D:1      | Reached XP level 1. HP: 11/11 MP: 3/3
   285 | D:1      | Reached XP level 2. HP: 11/17 MP: 5/5
   999 | D:1      | Learned a level 2 spell: Ensorcelled Hibernation
  1048 | D:1      | Reached XP level 3. HP: 21/21 MP: 6/6
  1053 | D:1      | Learned a level 3 spell: Tukima's Dance
  1502 | D:2      | Reached skill level 5 in Stealth
  1502 | D:2      | Reached XP level 4. HP: 25/27 MP: 2/8
  1547 | D:2      | Found an iron altar of Okawaru.
  1881 | D:2      | Reached skill level 1 in Ice Magic
  2022 | D:2      | Reached XP level 5. HP: 17/31 MP: 7/9
  2859 | D:3      | Reached skill level 6 in Stealth
  2924 | D:3      | Reached XP level 6. HP: 34/36 MP: 8/11
  3085 | D:3      | Found an opulent altar of Gozag.
  3225 | D:4      | Found a runed translucent door.
  3229 | D:4      | Noticed lepoulpe303's ghost (amateur TrMo)
  3522 | D:4      | Found a blossoming altar of Fedhas.
  3854 | D:4      | Learned a level 1 spell: Corona
  3858 | D:4      | Learned a level 3 spell: Confusing Touch
  3862 | D:4      | Learned a level 3 spell: Dazzling Flash
  3866 | D:5      | Entered Level 5 of the Dungeon
  3874 | D:5      | Reached XP level 7. HP: 41/41 MP: 12/12
  3888 | D:5      | Noticed Grinder
  3964 | D:5      | Reached skill level 7 in Stealth
  3964 | D:5      | Reached skill level 5 in Hexes
  3970 | D:5      | Reached skill level 1 in Conjurations
  4352 | D:5      | Killed Grinder
  4538 | D:5      | Reached XP level 8. HP: 46/46 MP: 14/14
  4663 | D:5      | Reached skill level 8 in Stealth
  4723 | D:5      | Noticed Ijyb
  4730 | D:5      | Killed Ijyb
  4755 | D:5      | Noticed Menkaure
  4774 | D:5      | Killed Menkaure
  4781 | D:5      | Reached skill level 5 in Spellcasting
  5007 | D:5      | Noticed Prince Ribbit
  5015 | D:5      | Killed Prince Ribbit
  5083 | D:5      | Reached skill level 9 in Stealth
  5336 | D:6      | Noticed Sigmund
  5343 | D:6      | Killed Sigmund
  5343 | D:6      | Reached XP level 9. HP: 51/51 MP: 17/17
  5393 | D:6      | Found a runed translucent door.
  5394 | D:6      | Noticed Crazy Yiuf
  5401 | D:6      | Killed Crazy Yiuf
  5444 | D:6      | Reached skill level 1 in Evocations
  5544 | D:6      | Noticed Dowan
  5546 | D:6      | Noticed Duvessa
  5580 | D:6      | Killed Dowan
  5861 | D:6      | Killed Duvessa
  5993 | D:7      | Found a staircase to the Ecumenical Temple.
  6000 | Temple   | Entered the Ecumenical Temple
  6027 | Temple   | Became a worshipper of Dithmenos the Shadowed
  6086 | D:7      | Noticed Harold
  6119 | D:7      | Reached skill level 10 in Stealth
  6158 | D:7      | Killed Harold
  6158 | D:7      | Reached skill level 1 in Invocations
  6234 | D:7      | Reached XP level 10. HP: 36/56 MP: 19/19
  6368 | D:7      | HP: 2/56 [poisoned by a killer bee]
  6374 | D:7      | HP: 2/56 [poisoned by a killer bee]
  6502 | D:7      | Reached skill level 11 in Stealth
  6709 | D:7      | Reached * piety under Dithmenos
  7222 | D:8      | Noticed Grum
  7476 | D:8      | Noticed Flugkiller's ghost (novice DDFi)
  7503 | D:8      | Reached skill level 1 in Fighting
  7642 | D:8      | Noticed Pikel
  7692 | D:8      | Killed Pikel
  7704 | D:8      | Noticed a two-headed ogre
  8254 | D:8      | Found a runed translucent gate.
  8254 | D:8      | Found a runed translucent gate.
  8254 | D:8      | Found a runed translucent gate.
  8312 | D:8      | Killed a two-headed ogre
  9021 | D:8      | Found a runed translucent gate.
  9021 | D:8      | Found a runed translucent gate.
  9021 | D:8      | Found a runed translucent gate.
  9186 | D:8      | Killed Grum
  9186 | D:8      | Reached XP level 11. HP: 48/65 MP: 21/21
  9509 | D:9      | Noticed Maggie
  9526 | D:9      | Killed Maggie
  9673 | D:9      | Found a white marble altar of Elyvilon.
  9774 | D:9      | Reached ** piety under Dithmenos
  9806 | D:9      | Noticed Erolcha
  9833 | D:9      | Killed Erolcha
  9833 | D:9      | Reached skill level 12 in Stealth
 10096 | D:9      | Noticed a two-headed ogre
 10103 | D:9      | Killed a two-headed ogre
 10103 | D:9      | Reached skill level 5 in Evocations
 10266 | D:10     | Entered Level 10 of the Dungeon
 10313 | D:10     | Noticed an unseen horror
 10316 | D:10     | Killed an unseen horror
 10338 | D:10     | Noticed a manticore
 10348 | D:10     | Killed a manticore
 10348 | D:10     | Reached skill level 5 in Invocations
 10545 | D:10     | Reached skill level 10 in Hexes
 10655 | D:10     | HP: 3/69 [poisoned by an orc]
 10661 | D:10     | HP: 3/69 [poisoned by an orc]
 10801 | D:10     | Reached *** piety under Dithmenos
 10928 | D:10     | Noticed Fannar
 11111 | D:10     | Found a staircase to the Orcish Mines.
 11271 | D:10     | Killed Fannar
 11271 | D:10     | Reached skill level 5 in Dodging
 11285 | D:10     | Reached XP level 12. HP: 68/75 MP: 13/22
 11442 | D:10     | Found a staircase to the Lair.
 11494 | D:10     | Reached skill level 13 in Stealth
 11510 | D:10     | Noticed a six-headed hydra
 11789 | D:10     | Reached skill level 5 in Fighting
 11825 | D:10     | Noticed a three-headed hydra
 11833 | D:10     | Killed a two-headed hydra
 11833 | D:10     | Reached **** piety under Dithmenos
 11835 | D:10     | Got a twisted halberd
 11836 | D:10     | Identified the +2 halberd of Butchery {vamp, Str+4} (You
                  | found it on level 10 of the Dungeon)
 12331 | D:11     | HP: 3/77 [centaur/arrow (15)]
 12331 | D:11     | Shot with an arrow by a centaur

Illustrated notes

Levels and vault maps discovered:
D:1:      dpeg_arrival_tiny_i, layout_basic, minmay_tromino_v2
D:2:      layout_rooms, okawaru_trees_1
D:3:      layout_rooms, grunt_gozag_breadcrumbs, first_ration
D:4:      layout_basic, lemuel_crystal_altar, ebering_ghost_sewer_d
D:5:      layout_loops_corners, uniq_ijyb, uniq_grinder, uniq_prince_ribbit1,
          uniq_menkaure
D:6:      layout_rooms, uniq_crazy_yiuf_cottage, uniq_sigmund, uniq_duvessa
D:7:      layout_basic, minmay_temple_entry_statues_pillars,
          lemuel_flamethrower_2, uniq_harold
D:8:      layout_loops_corners, gammafunk_ghost_icy, uniq_pikel, uniq_grum
D:9:      layout_small_grid, elyvilon_altar_1, uniq_erolcha, uniq_maggie
D:10:     layout_roguey, grunt_lair_entry_orc_guard_hut, erik_orc_2,
          hangedman_ranch [blue_anna_fruit_fields], roderic_lattice_a,
          feat_on_display, uniq_fannar
D:11:     layout_grid_maze, minmay_pinched_square
Temple:   hc_temple_tempest_star

Skill      XL: |  1  2  3  4  5  6  7  8  9 10 11 12 |
---------------+-------------------------------------+-----
Stealth        | 5 6 7 9 10 11 12 13 | 13.2
Ice Magic      | 1 2 3 4 |  4.0
Spellcasting   | 3 4 5 6 7 |  7.0
Hexes          | 4 5 6 7 9 10 11 | 11.0
Conjurations   | 1 2 3 |  3.0
Evocations     | 2 4 5 |  5.0
Invocations    | 2 4 5 6 |  6.5
Fighting       | 2 4 5 |  5.2
Dodging        | 3 5 |  5.6
Short Blades   | |  1.0

Action                   |  1- 3 |  4- 6 |  7- 9 | 10-12 || total
-------------------------+-------+-------+-------+-------++-------
Melee: Dagger            |    71 |   113 |   162 |   325 ||   671
       Constrict         |    20 |    33 |    29 |    47 ||   129
       Tentacles         |    12 |    13 |    40 |    69 ||   134
       Falchion          |       |       |       |     3 ||     3
 Cast: Corona            |     2 |       |     5 |     3 ||    10
       Ensorcelled Hiber |     4 |    13 |    12 |    93 ||   122
       Tukima's Dance    |       |     1 |     1 |    13 ||    15
       Confusing Touch   |       |       |    10 |    10 ||    20
       Dazzling Flash    |       |       |     3 |     3 ||     6
Evoke: Wand              |       |       |     5 |     2 ||     7
  Use: Scroll            |     2 |    11 |     3 |     4 ||    20
       Potion            |       |       |       |     4 ||     4
 Stab: Sleeping          |     5 |    18 |    22 |    78 ||   123
       Distracted        |       |     1 |     1 |       ||     2
       Confused          |       |       |     6 |     3 ||     9
  Eat: Chunk             |     2 |     8 |     9 |    19 ||    38
Armor: Skin              |    18 |     5 |     4 |     7 ||    34
Dodge: Dodged            |    63 |    75 |    68 |   236 ||   442
